 Dungeon Crawl Stone Soup version 0.23.2-1-ga50397a6bc (webtiles) character file.

Game seed: 15698838261953942659

1239 Menchi the Fighter (level 8, -1/77 HPs)
             Began as a Minotaur Fighter on May 8, 2019.
             Succumbed to an orc wizard's poison
             ... on level 7 of the Dungeon.
             The game lasted 00:12:19 (4705 turns).

Menchi the Fighter (Minotaur Fighter)               Turns: 4705, Time: 00:12:19

Health: -1/77      AC: 13    Str: 28    XL:     8   Next: 25%
Magic:  7/7        EV:  7    Int:  5    God:
Gold:   268        SH:  6    Dex: 10    Spells: 7/7 levels left

rFire    . . .     SeeInvis .   F - +1 trident (protect)
rCold    . . .     Gourm    .   (no shield)
rNeg     . . .     Faith    .   u - +0 plate armour
rPois    .         Spirit   .   (helmet restricted)
rElec    .         Reflect  +   t - +0 cloak
rCorr    .         Harm     .   (no gloves)
MR       .....                  (no boots)
Stlth    ..........             y - +6 amulet of reflection
HPRegen  0.22/turn              p - ring of flight
MPRegen  0.10/turn              (no ring)

@: mighty, lethally poisoned (-1 -> -84)
A: retaliatory headbutt, horns 2
a: Evoke Flight


You were on level 7 of the Dungeon.
You were not hungry.

You visited 1 branch of the dungeon, and saw 7 of its levels.

You collected 268 gold pieces.

Inventory:

Hand Weapons
 a - a +0 long sword
 g - a +1 dagger of flaming
 n - a +4 dagger
 v - a +1 vampiric spear
 D - a +4 quarterstaff of chaos
 F - a +1 trident of protection (weapon)
Armour
 c - a +0 shield
 t - a +0 cloak (worn)
 u - a +0 plate armour (worn)
Jewellery
 p - a ring of flight (left hand)
 y - a +6 amulet of reflection (around neck)
Wands
 w - a wand of polymorph (7)
 z - a wand of disintegration (17)
Scrolls
 b - a scroll of amnesia
 i - 3 scrolls of remove curse
 j - 2 scrolls of identify
 q - a scroll of fog {unknown}
 x - a scroll of enchant weapon
 B - a scroll of noise {unknown}
 E - a scroll of random uselessness {unknown}
 G - a scroll of teleportation {unknown}
Potions
 d - 2 potions of might
 e - a potion of cancellation {unknown}
 h - a potion of invisibility {unknown}
 k - a potion of mutation
 l - a potion of lignification {unknown}
 m - 2 potions of curing {unknown}
 o - 3 potions of heal wounds {unknown}
 r - 2 potions of degeneration {unknown}
 s - 3 potions of flight {unknown}
 A - a potion of resistance {unknown}
Comestibles
 f - 15 rations


   Skills:
 * Level 8.8 Fighting
 - Level 0.4(2.7) Short Blades
 - Level 4.8(4.9) Long Blades
 - Level 0.2 Staves
 - Level 5.1 Armour
 - Level 0.7 Dodging
 * Level 7.5 Shields


You had 7 spell levels left.
You didn't know any spells.
Your spell library was empty.

Dungeon Overview and Level Annotations

Branches:
Dungeon (7/15)
 Temple: D:4-7

Altars:
Elyvilon
Hepliaklqana
Yredelemnul


Innate Abilities, Weirdness & Mutations

You reflexively headbutt those who attack you in melee.
You have a pair of horns on your head.


Message History

You feel extremely sick.
You hear some strange, mumbled words.
A magic dart appears from out of thin air!
The magic dart hits you!
* * * LOW HITPOINT WARNING * * *
Something hits you.
* * * LOW HITPOINT WARNING * * *
You are more poisoned.
An orc comes into view.
You feel very mighty all of a sudden.
* * * LOW HITPOINT WARNING * * *
You feel very sick.
The orc shouts!
Something hits you but does no damage.
You are more poisoned.
The orc throws a tomahawk.
You reflect the tomahawk off an invisible shield around you!
The tomahawk hits the orc.
You miss something. Your headbutt misses something.
You die...

#o# #. #.# # #
.## #.#o .. ..
#.#[ ..#.##.. ..
....>#######
....##.#{)....!#
.......)@..#
..#.##..#.#
#<..# .. ###.#
... .... ...
#...# .. #..## #
.... ....


You could see an orc.

Vanquished Creatures
  Grinder (D:5)
  Sigmund (D:2)
  2 ice beasts
  An ogre (D:5)
  A centaur (D:7)
  2 wights (D:6)
  A crimson imp (D:5)
  An orc wizard (D:3)
  Crazy Yiuf (D:5)
  A centaur skeleton (D:4)
  An orc priest (D:4)
  An iguana (D:6)
  2 worker ants
  Robin (D:2)
  3 gnolls (D:5)
  3 adders
  3 shadow imps
  3 oozes
  An adder skeleton (D:6)
  2 worms
  2 dart slugs (D:1)
  3 leopard geckos
  12 orcs
  2 ball pythons
  7 bats
  3 giant cockroaches
  16 goblins
  8 hobgoblins
  6 jackals
  7 kobolds
  3 quokkas
  3 frilled lizards
  A giant cockroach zombie (D:5)
  A quokka skeleton (D:4)
  4 rats
110 creatures vanquished.

Vanquished Creatures (others)
  A wight (D:6)
1 creature vanquished.

Grand Total: 111 creatures vanquished

Notes
Turn   | Place    | Note
-------+----------+-------------------------------------------
     0 | D:1      | Menchi the Minotaur Fighter began the quest for the Orb.
     0 | D:1      | Reached XP level 1. HP: 19/19 MP: 0/0
    37 | D:1      | Reached XP level 2. HP: 9/27 MP: 1/1
   307 | D:1      | Reached skill level 4 in Fighting
   309 | D:1      | Reached XP level 3. HP: 27/33 MP: 2/2
   836 | D:2      | Found a faded altar of an unknown god.
   839 | D:2      | Noticed Robin
   869 | D:2      | Killed Robin
   869 | D:2      | Reached XP level 4. HP: 11/41 MP: 3/3
   879 | D:2      | Noticed Sigmund
   893 | D:2      | Killed Sigmund
   893 | D:2      | Reached XP level 5. HP: 7/47 MP: 4/4
  1373 | D:2      | Reached skill level 5 in Armour
  1826 | D:3      | Reached XP level 6. HP: 23/55 MP: 5/5
  2780 | D:4      | Reached skill level 5 in Fighting
  2780 | D:4      | Reached skill level 5 in Shields
  3244 | D:5      | Entered Level 5 of the Dungeon
  3508 | D:5      | Found a basalt altar of Yredelemnul.
  3531 | D:5      | Noticed Grinder
  3543 | D:5      | Killed Grinder
  3543 | D:5      | Reached skill level 6 in Fighting
  3543 | D:5      | Reached XP level 7. HP: 64/64 MP: 6/6
  3596 | D:5      | Found a runed translucent door.
  3597 | D:5      | Noticed Crazy Yiuf
  3643 | D:5      | Reached skill level 7 in Fighting
  4152 | D:5      | Killed Crazy Yiuf
  4192 | D:6      | Found a white marble altar of Elyvilon.
  4214 | D:6      | Reached skill level 8 in Fighting
  4214 | D:6      | Reached XP level 8. HP: 56/74 MP: 7/7
  4515 | D:6      | Found a hazy altar of Hepliaklqana.
  4705 | D:7      | Succumbed to an orc wizard's poison

Skill      XL: |  1  2  3  4  5  6  7 |
---------------+----------------------+-----
Shields        | 4 6 7 |  7.5
Armour         | 4 5 |  5.1
Fighting       | 4 6 8 |  8.8
Long Blades    | 3 4 |  4.8
Short Blades   | |  0.4
Staves         | |  0.2
Dodging        | |  0.7

Action                   |  1- 3 |  4- 6 |  7- 9 || total
-------------------------+-------+-------+-------++-------
Melee: Long sword        |    85 |     3 |       ||    88
       Headbutt          |    19 |    28 |    17 ||    64
       Dagger            |       |   123 |    37 ||   160
       Quarterstaff      |       |       |    12 ||    12
       Trident           |       |       |    45 ||    45
  Use: Scroll            |       |     8 |       ||     8
       Potion            |       |     1 |     1 ||     2
  Eat: Chunk             |       |     8 |     4 ||    12
Armor: Scale mail        |    20 |       |       ||    20
       Ring mail         |    25 |     8 |       ||    33
       Plate armour      |       |    70 |    59 ||   129
Dodge: Dodged            |    46 |    45 |    19 ||   110
Block: Other             |       |     2 |    18 ||    20
       Reflection        |       |       |     2 ||     2
       Rpst.: Long sword |    10 |       |       ||    10
